 Seeded DCSS version 0.29.1-14-g9c671dbff4 (webtiles) character file.

Game seed: 1 (custom seed)

99 Kazon the Trooper (level 4, -3/40 HPs)
             Began as a Ghoul Monk on Feb 16, 2023.
             Slain by an orc
             ... wielding a +0 club
              (4 damage)
             ... on level 3 of the Dungeon.
             The game lasted 00:08:08 (1804 turns).

Kazon the Trooper (Ghoul Monk)                      Turns: 1804, Time: 00:08:08

Health: -3/40      AC:  6    Str: 10    XL:     4   Next: 72%
Magic:  3/3        EV: 16    Int:  7    God:
Gold:   22         SH:  0    Dex: 11    Spells: 3/3 levels left

rFire   . . .      SeeInvis +   e - +2 dagger (venom)
rCold   + . .      Faith    .   (no shield)
rNeg    + + +      Spirit   .   l - +0 robe
rPois   ∞          Reflect  .   k - +0 helmet
rElec   +          Harm     .   (no cloak)
rCorr   .          Rampage  .   (no gloves)
Will    .....                   m - +2 pair of boots
Stlth   +.........              p - amulet of the acrobat
HPRegen 0.00/turn               d - ring of Nycw {rElec EV+4 Str-4 SInv Stlth-}
MPRegen 0.08/turn               (no ring)

@: inhibited regen
A: claws 1, cold resistance 1, negative energy resistance 3, inhibited
regeneration, torment resistance 2, devour on kill
a: no special abilities


You were on level 3 of the Dungeon.
You visited 1 branch of the dungeon, and saw 3 of its levels.

You collected 206 gold pieces.
You spent 184 gold pieces at shops.

Inventory:

Hand Weapons
 a - a +0 falchion
 e - a +2 dagger of venom (weapon)
 s - the +3 falchion of Winter {venom, rCorr}
   (You bought it in a shop on level 3 of the Dungeon)

   It poisons the flesh of those it strikes.
   rCorr:     It protects you from acid and corrosion.
Missiles
 j - 11 stones (quivered)
 o - 3 boomerangs
 q - a throwing net
Armour
 k - a +0 helmet (worn)
 l - a +0 robe (worn)
 m - a +2 pair of boots (worn)
Jewellery
 d - the ring of Nycw (left claw) {rElec EV+4 Str-4 SInv Stlth-}
   (You acquired it on level 1 of the Dungeon)

   [ring of evasion]

   EV:        It affects your evasion (+4).
   Str:       It affects your strength (-4).
   rElec:     It insulates you from electricity.
   SInv:      It lets you see invisible.
   Stlth:     It makes you less stealthy.
 p - an amulet of the acrobat (around neck)
Scrolls
 i - 5 scrolls of identify {unknown}
 n - a scroll of immolation {unknown}
 r - a scroll of fog {unknown}
Potions
 b - 2 potions of berserk rage {unknown}
 c - a potion of ambrosia
 f - a potion of haste {unknown}
 g - a potion of flight {unknown}
 h - a potion of attraction {unknown}


   Skills:
 + Level 4.1 Fighting
 + Level 0.2(2.2) Short Blades
 + Level 3.6(3.7) Long Blades
 + Level 3.3 Dodging
 + Level 2.5 Stealth


You had 3 spell levels left.
You didn't know any spells.
Your spell library contained the following spells:

 Spells                   Type           Power      Damage    Failure   Level
 Apportation              Tloc           0%         N/A       43%         1
 Necrotise                Necr           0%         1d4       43%         1
 Sting                    Tmut/Pois      0%         1d3       43%         1
 Summon Small Mammal      Summ           0%         N/A       43%         1
 Poisonous Vapours        Pois/Air       0%         N/A       56%         2
 Olgreb's Toxic Radiance  Pois           0%         N/A       99%         4


Dungeon Overview and Level Annotations

Branches:
Dungeon (3/15)

Altars:

Shops:
D:3 (


Innate Abilities, Weirdness & Mutations

You are immune to poison.
You have sharp fingernails.
Your flesh is cold resistant. (rC+)
You are immune to negative energy. (rN+++)
You do not regenerate when monsters are visible.
You are immune to unholy pain and torment.
You thrive by killing the living.


Message History

You hit the orc but do no damage.
The orc is poisoned.
The orc is heavily wounded.
The orc misses you.
The orc priest calls down the wrath of Beogh upon you.
Beogh smites you! The orc misses you.
You hit the orc.
The orc is heavily wounded.
The orc hits you with a +0 club. The orc completely misses you.
You kill the orc!
The orc throws a boomerang.
The boomerang completely misses you.
There is an open door here.
The orc completely misses you. The orc misses you.
The orc priest calls down the wrath of Beogh upon you.
Beogh smites you!
* * * LOW HITPOINT WARNING * * *
Things that are here:
a +1 dagger of holy wrath; a +0 leather armour The orc completely misses you. x2
There is an open door here.
You barely miss the orc. The orc barely misses you. x2
The orc closely misses you.
You hit the orc.
The orc is moderately wounded.
The orc misses you. The orc hits you but does no damage. x2
You barely miss the orc.
The orc is heavily wounded.
You hit the orc.
The orc is moderately wounded.
The orc barely misses you. The orc closely misses you.
The orc hits you with a +0 club.
* * * LOW HITPOINT WARNING * * *
You hit the orc.
The orc is poisoned.
The orc is moderately wounded.
The orc misses you. The orc barely misses you. The orc closely misses you.
You barely miss the orc.
The orc is moderately wounded.
The orc completely misses you. The orc hits you with a +0 mace.
* * * LOW HITPOINT WARNING * * *
The orc hits you with a +0 club.
You die...

#....=..........##
#................#######
#.......................
#.............#.........
#.^...........#........
#.............#...... .
#..........#.#.#o#.#....
#.............ooo.......
##..........#.##@##.#....
..†...........#...# .. .
............#.'...+ ...
......#..#.#..#...# ###
.#.#.#.#.#..#.##+##
.........##.....
.#.#.#.#.####.#.#
.........# #####
.#.#.#.#.#


You could see an orc priest and 3 orcs.

Vanquished Creatures
  3 gnolls (D:2)
  2 adders (D:2)
  A worm (D:2)
  An orc (D:3)
  9 endoplasms
  A giant cockroach (D:1)
  7 goblins
  6 hobgoblins
  2 kobolds
  A quokka (D:1)
  2 ball pythons (D:2)
  3 bats
  3 frilled lizards
  5 rats
46 creatures vanquished.

Notes
Turn   | Place    | Note
-------+----------+-------------------------------------------
     0 | D:1      | Kazon the Ghoul Monk began the quest for the Orb.
     0 | D:1      | Reached XP level 1. HP: 19/19 MP: 0/0
    32 | D:1      | Identified a scroll of acquirement
    32 | D:1      | Acquired the ring of Nycw {rElec EV+4 Str-4 SInv Stlth-}
   212 | D:1      | Reached XP level 2. HP: 26/26 MP: 1/1
   759 | D:2      | Reached XP level 3. HP: 14/33 MP: 2/2
  1259 | D:2      | Reached XP level 4. HP: 25/40 MP: 3/3
  1266 | D:2      | Reached skill level 4 in Fighting
  1588 | D:3      | Found Umat's Antique Weapon Boutique.
  1623 | D:3      | Bought a crude falchion for 184 gold pieces
  1623 | D:3      | Identified the +3 falchion of Winter {venom, rCorr} (You
                  | bought it in a shop on level 3 of the Dungeon)
  1804 | D:3      | HP: 1/40 [orc/+0 mace (5)]
  1804 | D:3      | Slain by an orc

Illustrated notes

Levels and vault maps discovered:
D:1:      dpeg_arrival_three_smaller_balls, layout_basic
D:2:      layout_loops_ring
D:3:      layout_basic, serial_shops, nicolae_shop_stone, st_stairs_9,
          minmay_misc_feat_doors, eino_curves_03, uniq_robin

Skill      XL: |  1  2  3  4 |
---------------+-------------+-----
Dodging        | 3 |  3.3
Long Blades    | 3 |  3.6
Fighting       | 4 |  4.1
Short Blades   | |  0.2
Stealth        | |  2.5

Action                   |  1- 3 |  4- 6 || total
-------------------------+-------+-------++-------
Melee: Falchion          |    87 |       ||    87
       Dagger            |    13 |    46 ||    59
Throw: Stone             |     8 |     7 ||    15
  Use: Scroll            |     1 |       ||     1
Armor: Robe              |    15 |     4 ||    19
Dodge: Dodged            |    85 |    41 ||   126
